 Dungeon Crawl Stone Soup version 0.20.1-1-g8b1a95d (webtiles) character file.

627 tidbits the Grave Robber (level 7, 18/50 HPs)
             Began as a Demigod Necromancer on Aug 22, 2017.
             Quit the game on level 6 of the Dungeon.
             The game lasted 00:27:09 (2209 turns).

tidbits the Grave Robber (Demigod Necromancer)      Turns: 2209, Time: 00:27:10

Health: 18/50      AC:  7    Str: 11    XL:     7   Next: 3%
Magic:  13/16      EV: 12    Int: 23    God:
Gold:   46         SH:  0    Dex: 16    Spells: 6/14 levels left

rFire    . . .     SeeInvis .   a - +0 mace (protect)
rCold    . . .     Gourm    .   (no shield)
rNeg     . . .     Faith    .   B - +0 robe
rPois    +         Spirit   +   (no helmet)
rElec    .         Reflect  .   (no cloak)
rCorr    .         Harm     .   G - +0 pair of gloves
MR       .....                  (no boots)
Stlth    ++........             m - amulet of guardian spirit
Regen    0.2/turn               P - ring of poison resistance
MPRegen  0.2/turn               U - +4 ring of protection

@: no status effects
A: high mp 1
a: no special abilities


You were on level 6 of the Dungeon.
You were not hungry.

You visited 1 branch of the dungeon, and saw 10 of its levels.

You collected 131 gold pieces.
You spent 85 gold pieces at shops.

Inventory:

Hand Weapons
 a - a +0 mace of protection (weapon)
   (You found it on level 10 of the Dungeon)
 i - a +0 flail
 n - a +0 war axe
 p - a +0 trident
 z - a +0 short sword
Missiles
 f - 19 sling bullets
 k - 9 tomahawks (quivered)
 q - 68 arrows
Armour
 g - a +0 ring mail
 B - a +0 robe (worn)
 G - a +0 pair of gloves (worn)
Jewellery
 m - an amulet of guardian spirit (around neck)
   (You found it on level 3 of the Dungeon)
 u - an uncursed ring of protection from fire
   (You found it on level 6 of the Dungeon)
 v - an uncursed ring of stealth
   (You found it on level 7 of the Dungeon)
 K - an uncursed ring of resist corrosion
   (You found it on level 3 of the Dungeon)
 P - a ring of poison resistance (left hand)
   (You found it on level 1 of the Dungeon)
 U - a +4 ring of protection (right hand)
   (You found it on level 7 of the Dungeon)
Scrolls
 r - 2 scrolls of remove curse
Potions
 d - a potion of curing
Books
 b - a book of Necromancy

   Spells                             Type                      Level
   a - Pain                           Necromancy                   1
   b - Animate Skeleton               Necromancy                   1
   c - Vampiric Draining              Necromancy                   3
   d - Regeneration                   Charms/Necromancy            3
   e - Animate Dead                   Necromancy                   4
   f - Control Undead                 Necromancy                   4
 e - a book of Flames
   (You found it on level 7 of the Dungeon)

   Spells                             Type                      Level
   a - Flame Tongue                   Conjuration/Fire             1
   b - Throw Flame                    Conjuration/Fire             2
   c - Conjure Flame                  Conjuration/Fire             3
   d - Inner Flame                    Hexes/Fire                   3
   e - Sticky Flame                   Conjuration/Fire             4
   f - Fireball                       Conjuration/Fire             5
Comestibles
 c - 5 bread rations
 h - 4 meat rations
 l - 2 fruits


   Skills:
 - Level 1.7 Dodging
 - Level 1.7 Stealth
 + Level 4.2 Spellcasting
 + Level 6.8 Necromancy


You had 6 spell levels left.
You knew the following spells:

 Your Spells              Type           Power        Failure   Level  Hunger
n - Animate Skeleton      Necr           N/A          1%          1    None
r - Regeneration          Chrm/Necr      ###.......   8%          3    ##.....
v - Vampiric Draining     Necr           #####.....   1%          3    ##.....
z - Pain                  Necr           ####         1%          1    None


Dungeon Overview and Level Annotations

Branches:
Dungeon (10/15)            Temple (0/1) D:6            Lair (0/6) D:8
    Orc: D:9-12

Shops:
D:9 ?

Annotations:
D:4 exclusion: ogre
D:7 Pikel
D:9 dscm's ghost, novice GrGl
D:10 p0werm0de's ghost, novice DsBe


Innate Abilities, Weirdness & Mutations

You have an increased reservoir of magic. (+10% MP)


Message History

Casting: Pain
Confirm with . or Enter, or press ? or * to list all spells.
Aiming: Pain
Press: ? - help, Shift-Dir - straight line, f - worker ant
Aim: a worker ant (resting, chance to defeat MR: 89%)
The worker ant writhes in agony!
You hit the worker ant.
Your weapon exudes an aura of protection.
The worker ant is moderately wounded.
The worker ant barely misses you.
The worker ant bites you but does no damage.
You closely miss the worker ant.
The worker ant is moderately wounded.
The worker ant closely misses you.
The worker ant bites you but does no damage.
You hit the worker ant but do no damage.
The worker ant is moderately wounded.
The worker ant bites you.
* * * LOW HITPOINT WARNING * * *
You closely miss the worker ant.
The worker ant is moderately wounded.
The worker ant bites you.
* * * LOW HITPOINT WARNING * * *
You are poisoned.
The worker ant poisons you! The worker ant barely misses you.
You closely miss the worker ant.
The worker ant is moderately wounded.
You feel sick. The worker ant barely misses you. x2
You sock the worker ant!
Your weapon exudes an aura of protection.
The worker ant is severely wounded.
You feel sick. The worker ant bites you.
* * * LOW HITPOINT WARNING * * *
Casting: Pain
Confirm with . or Enter, or press ? or * to list all spells.
Aiming: Pain
Press: ? - help, Shift-Dir - straight line, f/p - worker ant
Aim: a worker ant (severely wounded, chance to defeat MR: 89%)
Okay, then.
Casting: Pain
Confirm with . or Enter, or press ? or * to list all spells.
You don't know that spell.
Casting: Pain
Confirm with . or Enter, or press ? or * to list all spells.
Aiming: Vampiric Draining
Press: ? - help, Shift-Dir - straight line, f/p - worker ant
Aim: a worker ant (severely wounded)
You kill the worker ant!
You have reached level 7!
You feel life coursing into your body.
You feel sick.
Found 13 bolts.
You see here a worker ant corpse.
Casting: Vampiric Draining
Confirm with . or Enter, or press ? or * to list all spells.
Your skin crawls.
There is a stormy altar of Qazlal here.
You feel sick.
Your skin is crawling a little less now.
You open the door.
Found 9 gold pieces.
A two-headed ogre comes into view.
It is wielding a giant spiked club and a giant club.
You feel sick.
The two-headed ogre shouts in stereo!
Found a robe.
There is an open door here.
The two-headed ogre hits you with a giant spiked club!
* * * LOW HITPOINT WARNING * * *
The two-headed ogre misses you.
You see here 9 gold pieces.
Blink to where?
Press: ? - help, Dir - move target cursor, f - you
Okay, then.
Your skin stops crawling.
Blink to where?
Press: ? - help, Dir - move target cursor You are very lightly contaminated with residual magic.
As you read the scroll of blinking, it crumbles to dust.
You feel sick.
You feel sick.
You feel sick.
You are no longer poisoned.
All of the chunks of flesh in your inventory have rotted away.
Your magical contamination has completely faded away.
Found a stone staircase leading up.
There is a stone staircase leading up here.
You climb upwards.
There is a stone staircase leading down here.
You open the door.
An orc comes into view.
The orc shouts!
The orc moves out of view.
An orc, an orc warrior, an orc wizard and a zombie come into view.
The orc warrior shouts!
An orc wizard comes into view. It is wielding a dagger.
There is an open door here.
An orc warrior opens the door.
An iguana comes into view.
The iguana hisses angrily.
Are you sure you want to abandon this character and quit the game? (Confirm with "yes".)

. # . .# # . .# # #
. .#.# # . .#. # ..
# ..#######.# # ....
.......#.#.# .#.
#...@.l.# ..
#.#.###.# .#
#.###.#.###.# ######
o#### #...........#
...... .'...
#######.#.##### #
......
.###.##.......#.#
####.######
....................
...........
#.###.#o#######.####
###.##<...
.....>............
#....


You could see an iguana.

Vanquished Creatures
  A water moccasin (D:10)
  2 black bears (D:9)
  A crimson imp (D:8)
  3 hounds
  An orc priest (D:6)
  An orc wizard (D:4)
  3 worker ants
  An iguana (D:6)
  An ooze (D:2)
  An adder zombie (D:8)
  A dart slug (D:1)
  4 leopard geckos
  6 orcs
  2 ball pythons
  2 giant cockroaches
  6 goblins
  2 hobgoblins (D:1)
  3 jackals (D:3)
  4 kobolds
  2 quokkas
  A bat (D:1)
  3 frilled lizards
  7 rats
58 creatures vanquished.

Vanquished Creatures (collateral kills)
  A leopard gecko (D:2)
  A ball python (D:2)
  A bat (D:2)
  A frilled lizard (D:2)
4 creatures vanquished.

Grand Total: 62 creatures vanquished

Notes
Turn   | Place    | Note
-------+----------+-------------------------------------------
     0 | D:1      | tidbits the Demigod Necromancer began the quest for the Orb.
     0 | D:1      | Reached XP level 1. HP: 14/14 MP: 5/5
   135 | D:1      | Reached skill level 4 in Necromancy
   187 | D:2      | Reached XP level 2. HP: 2/20 MP: 0/7
   190 | D:2      | Learned a level 1 spell: Animate Skeleton
   198 | D:2      | Found a deep blue altar of Sif Muna.
   371 | D:2      | Found a blossoming altar of Fedhas.
   392 | D:2      | Found a faded altar of an unknown god.
   663 | D:2      | Reached XP level 3. HP: 18/26 MP: 5/8
   668 | D:2      | Learned a level 3 spell: Vampiric Draining
   688 | D:2      | Found a burning altar of Makhleb.
   697 | D:2      | Reached skill level 5 in Necromancy
   890 | D:4      | Noticed an ogre
   940 | D:4      | Reached skill level 2 in Spellcasting
   940 | D:4      | Reached XP level 4. HP: 18/33 MP: 0/9
  1067 | D:5      | Entered Level 5 of the Dungeon
  1300 | D:5      | Found a shadowy altar of Dithmenos.
  1353 | D:6      | Reached XP level 5. HP: 21/38 MP: 1/11
  1539 | D:6      | Found a staircase to the Ecumenical Temple.
  1561 | D:6      | Reached skill level 3 in Spellcasting
  1606 | D:7      | Learned a level 3 spell: Regeneration
  1668 | D:7      | Reached skill level 6 in Necromancy
  1713 | D:8      | Reached XP level 6. HP: 44/45 MP: 10/14
  1716 | D:8      | Found a staircase to the Lair.
  1732 | D:9      | Found Meiq's Magic Scroll Emporium.
  1734 | D:9      | Bought a scroll of teleportation for 30 gold pieces
  1734 | D:9      | Bought a scroll of fear for 35 gold pieces
  1734 | D:9      | Bought a scroll of identify for 20 gold pieces
  1762 | D:10     | Entered Level 10 of the Dungeon
  1812 | D:10     | Noticed a cyan ugly thing
  1823 | D:10     | Noticed a water moccasin
  1823 | D:10     | Noticed p0werm0de's ghost (novice DsBe)
  1828 | D:10     | Noticed a two-headed ogre
  1843 | D:10     | Killed a water moccasin
  1922 | D:9      | Reached skill level 4 in Spellcasting
  1995 | D:9      | Noticed dscm's ghost (novice GrGl)
  2035 | D:7      | Noticed a spriggan baker
  2039 | D:7      | Noticed Pikel
  2040 | D:7      | Paralysed by Pikel for 3 turns
  2102 | D:7      | Found a stormy altar of Qazlal.
  2112 | D:7      | Reached XP level 7. HP: 9/50 MP: 3/16
  2119 | D:7      | Noticed a two-headed ogre
  2209 | D:6      | Quit the game

Skill      XL: |  1  2  3  4  5  6 |
---------------+-------------------+-----
Necromancy     | 4 5 6 |  6.8
Spellcasting   | 2 3 4 |  4.2
Dodging        | |  1.7
Stealth        | |  1.7

Action                   |  1- 3 |  4- 6 |  7- 9 || total
-------------------------+-------+-------+-------++-------
Melee: Flail             |    36 |    77 |       ||   113
       Short sword       |     9 |       |       ||     9
       Mace              |       |    73 |       ||    73
 Cast: Pain              |    41 |    18 |       ||    59
       Animate Skeleton  |     3 |     3 |       ||     6
       Vampiric Draining |     3 |    15 |     1 ||    19
       Regeneration      |       |     1 |     1 ||     2
  Use: Potion            |     2 |     5 |       ||     7
       Scroll            |     1 |     6 |     1 ||     8
 Stab: Sleeping          |     2 |       |       ||     2
  Eat: Fruit             |     1 |     1 |       ||     2
       Chunk             |       |     3 |       ||     3
       Royal jelly       |       |     1 |       ||     1
Armor: Robe              |    13 |   100 |       ||   113
       Skin              |    14 |       |       ||    14
Dodge: Dodged            |    33 |   173 |     1 ||   207

Table legend:
 A = Turns spent in this place as a percentage of turns spent in the entire game.
 B = Non-inter-level travel turns spent in this place as a percentage of non-inter-level travel turns spent in the entire game.
 C = Inter-level travel turns spent in this place as a percentage of turns spent in this place.
 D = Turns resting spent in this place as a percentage of non-inter-level travel turns spent in this place.
 E = Turns spent auto-exploring this place as a percentage of non-inter-level travel turns spent in this place.
 F = Non-inter-level travel turns spent in this place divided by the number of levels of this place that you've seen.
                   A       B       C       D       E      F
               +-------+-------+-------+-------+-------+----------------------
         Total | 100.0 | 100.0 |   0.0 |   0.0 |   0.0 | 215.1
       Dungeon | 100.0 | 100.0 |   0.0 |   0.0 |   0.0 | 215.1
               +-------+-------+-------+-------+-------+----------------------

Table legend:
 A = Kills in this place as a percentage of kills in entire the game.
 B = Kills by you in this place as a percentage of kills by you in the entire game.
 C = Kills by friends in this place as a percentage of kills by friends in the entire game.
 D = Other kills in this place as a percentage of other kills in the entire game.
 E = Experience gained in this place as a percentage of experience gained in the entire game.
 F = Experience gained in this place divided by the number of levels of this place that you have seen.
                   A       B       C       D       E      F
               +-------+-------+-------+-------+-------+----------------------
         Total | 100.0 | 100.0 | 100.0 |  -nan | 100.0 |  89.7
       Dungeon | 100.0 | 100.0 | 100.0 |  -nan | 100.0 |  89.7
               +-------+-------+-------+-------+-------+----------------------

Vault maps used:
D:1:      dpeg_arrival_tiny_c, kennysheep_pointless_box
D:2:      nicolae_overflow_crystal_walls, makhleb_blood_cavern_becter,
          old_standard_altar, serial_bayou, serial_bayou_lake_a,
          serial_bayou_pond_b, chequers_ecumenical_altar_twisty
D:3:      okawaru_altar_gauntlet_db, minmay_randomly_rotated_circles,
          uniq_sigmund
D:4:      first_bread, kennysheep_generic_room_9
D:5:      kennysheep_little_box, minmay_misc_feat_secret_circle
D:6:      minmay_temple_entry_trees, serial_shops, nicolae_shop_trees
D:7:      cheibrodos_statue_roulette, lemuel_doored_altar,
          grunt_temple_overflow_diamond, the_bakery, grunt_decor_cap, uniq_pikel
D:8:      overflow_temple_1_default, david_lair_shrubbed
D:9:      serial_shops, shop, nicolae_shop_statue_plus
